 Dungeon Crawl Stone Soup version 0.21.1-1-g345015fe64 (webtiles) character file.

494 Hercules1031 the Covert (level 6, -1/35 HPs)
             Began as a Spriggan Monk on June 10, 2018.
             Slain by an ogre
             ... wielding a +0 giant club
              (21 damage)
             ... on level 4 of the Dungeon.
             The game lasted 00:17:48 (3371 turns).

Hercules1031 the Covert (Spriggan Monk)             Turns: 3371, Time: 00:17:48

Health: -1/35      AC:  3    Str:  7    XL:     6   Next: 92%
Magic:  7/7        EV: 28    Int: 14    God:
Gold:   92         SH:  0    Dex: 20    Spells: 5/5 levels left

rFire    . . .     SeeInvis +   a - +1 short sword
rCold    . . .     Gourm    .   (shield restricted)
rNeg     . . .     Faith    .   b - +1 robe
rPois    .         Spirit   .   (helmet restricted)
rElec    .         Reflect  .   (no cloak)
rCorr    .         Harm     .   (gloves unavailable)
MR       +....                  (boots unavailable)
Stlth    +++++.....             (no amulet)
HPRegen  0.11/turn              (no ring)
MPRegen  0.10/turn              (no ring)

@: very quick
A: very small, unfitting armour, see invisible, clever 1, deterioration 1,
herbivore, speed 3, slow metabolism 2, MP-powered wands
a: no special abilities


You were on level 4 of the Dungeon.
You were full.

You visited 1 branch of the dungeon, and saw 4 of its levels.

You collected 92 gold pieces.

Inventory:

Hand Weapons
 a - a +1 short sword (weapon)
Armour
 b - a +1 robe (worn)
Scrolls
 d - 2 scrolls of remove curse
 g - a scroll of teleportation
Potions
 e - a potion of curing
 f - a potion of might
Comestibles
 c - 4 rations


   Skills:
 * Level 4.9 Fighting
 + Level 8.5 Short Blades
 + Level 11.0 Dodging
 + Level 11.3 Stealth


You had 5 spell levels left.
You didn't know any spells.

Dungeon Overview and Level Annotations

Branches:
Dungeon (4/15)
 Temple: D:4-7

Altars:
Cheibriados
Makhleb
Vehumet


Innate Abilities, Weirdness & Mutations

You are very small and have problems with some larger weapons.
You are too small for most types of armour.
You have supernaturally acute eyesight. (SInv)
You are a herbivore.
You cover ground extremely quickly.
You need consume almost no food.
Your mind is acute. (Int +2)
Your body sometimes deteriorates upon taking damage.
You expend magic power (3 MP) to strengthen your wands.


Message History

You hit the gnoll but do no damage.
The gnoll is almost dead.
The ogre closely misses you. The gnoll hits you with a club.
You hit the gnoll.
You kill the gnoll!
You hit the ogre.
The ogre is lightly wounded.
The ogre completely misses you.
You barely miss the ogre.
The ogre is lightly wounded.
You hit the ogre.
The ogre is moderately wounded.
The ogre completely misses you.
You hit the ogre.
The ogre is heavily wounded.
You hit the ogre.
The ogre is heavily wounded.
The ogre hits you with a giant club!!
Ouch! That really hurt!
You die...

#........#
#........#
#........##
#..........
#........#
#........#
#.)......#
#)<@.....#
#..O.....#
##########


You could see an ogre.

Vanquished Creatures
  A sky beast (D:3)
  An ogre (D:3)
  A howler monkey (D:3)
  A hound (D:3)
  An orc wizard (D:3)
  3 gnolls (D:4)
  2 adders
  2 oozes (D:2)
  3 worms
  5 dart slugs
  A leopard gecko (D:3)
  6 orcs (D:3)
  A ball python (D:2)
  6 bats
  11 giant cockroaches (D:3)
  6 goblins
  8 hobgoblins
  3 jackals (D:3)
  4 quokkas
  3 frilled lizards
  6 kobolds
  9 rats
84 creatures vanquished.

Notes
Turn   | Place    | Note
-------+----------+-------------------------------------------
     0 | D:1      | Hercules1031 the Spriggan Monk began the quest for the Orb.
     0 | D:1      | Reached XP level 1. HP: 11/11 MP: 2/2
   877 | D:2      | Reached XP level 2. HP: 8/16 MP: 3/3
   881 | D:2      | Reached XP level 3. HP: 10/21 MP: 4/4
   882 | D:2      | Reached skill level 10 in Dodging
   882 | D:2      | Reached skill level 10 in Stealth
   882 | D:2      | Reached XP level 4. HP: 13/26 MP: 5/5
  1024 | D:2      | Gained mutation: Your body sometimes deteriorates upon taking damage. [potion of mutation]
  1024 | D:2      | Gained mutation: You expend magic power (3 MP) to strengthen your wands. [potion of mutation]
  1024 | D:2      | Gained mutation: Your mind is acute. (Int +2) [potion of mutation]
  1511 | D:2      | Found a snail-covered altar of Cheibriados.
  1906 | D:3      | Reached XP level 5. HP: 30/30 MP: 6/6
  1921 | D:3      | Found a radiant altar of Vehumet.
  2072 | D:3      | Noticed an ogre
  2093 | D:3      | Killed an ogre
  2093 | D:3      | Reached XP level 6. HP: 26/35 MP: 7/7
  2379 | D:3      | Noticed a sky beast
  2407 | D:3      | Killed a sky beast
  3213 | D:3      | Found a burning altar of Makhleb.
  3371 | D:4      | Slain by an ogre

Skill      XL: |  1  2  3  4  5  6 |
---------------+-------------------+-----
Fighting       | 3 4 |  4.9
Short Blades   | 6 8 |  8.5
Dodging        | 8 10 11 | 11.0
Stealth        | 8 10 11 | 11.3

Action                   |  1- 3 |  4- 6 || total
-------------------------+-------+-------++-------
Melee: Short sword       |    30 |   271 ||   301
  Use: Potion            |     4 |     6 ||    10
       Scroll            |     2 |     4 ||     6
 Stab: Sleeping          |     2 |    27 ||    29
  Eat: Ration            |     1 |     2 ||     3
Armor: Robe              |     1 |    16 ||    17
Dodge: Dodged            |    14 |   290 ||   304
